 Dungeon Crawl Stone Soup version 0.23.0-42-geed6394480 (webtiles) character file.

Game seed: 2158014207097041037

79 Marnok the Shield-Bearer (level 4, -13/35 HPs)
             Began as a Human Fighter on Mar 1, 2019.
             Mangled by an ogre
             ... wielding a +0 giant club
              (18 damage)
             ... on level 3 of the Dungeon.
             The game lasted 00:06:59 (1520 turns).

Marnok the Shield-Bearer (Human Fighter)            Turns: 1520, Time: 00:07:01

Health: -13/35     AC:  6    Str: 17    XL:     4   Next: 64%
Magic:  4/4        EV:  7    Int:  8    God:
Gold:   50         SH:  9    Dex: 13    Spells: 3/3 levels left

rFire    + . .     SeeInvis .   e - +4 short sword
rCold    + . .     Gourm    .   c - +0 shield
rNeg     . . .     Faith    .   b - +0 scale mail
rPois    +         Spirit   .   (no helmet)
rElec    +         Reflect  .   (no cloak)
rCorr    +         Harm     .   (no gloves)
MR       .....                  (no boots)
Stlth    ..........             (no amulet)
HPRegen  0.11/turn              (no ring)
MPRegen  0.09/turn              (no ring)

@: resistant
A: fangs 1, MP-powered wands
a: no special abilities


You were on level 3 of the Dungeon.
You were not hungry.

You visited 1 branch of the dungeon, and saw 3 of its levels.

You collected 50 gold pieces.

Inventory:

Hand Weapons
 e - a +4 short sword (weapon)
 h - a +2 dagger of venom
 i - a +2 dagger of freezing
Missiles
 g - 26 sling bullets
Armour
 b - a +0 scale mail (worn)
 c - a +0 shield (worn)
Scrolls
 a - a scroll of enchant weapon {unknown}
 l - 2 scrolls of teleportation {unknown}
 n - a scroll of fog {unknown}
 r - 4 scrolls of identify {unknown}
Potions
 d - a potion of might
 m - 2 potions of curing {unknown}
 o - a potion of degeneration {unknown}
 p - 2 potions of heal wounds {unknown}
Comestibles
 f - 3 rations
 q - 9 chunks of flesh


   Skills:
 + Level 3.4 Fighting
 + Level 1.6(2.3) Short Blades
   Level 2.4(2.7) Long Blades
 + Level 3.3 Armour
 + Level 0.7 Dodging
 + Level 0.3 Stealth
 + Level 3.5 Shields


You had 3 spell levels left.
You didn't know any spells.
Your spell library was empty.

Dungeon Overview and Level Annotations

Branches:
Dungeon (3/15)

Altars:


Innate Abilities, Weirdness & Mutations

You have very sharp teeth.
You expend magic power (3 MP) to strengthen your wands.


Message History

You block the ogre's attack. The giant cockroach bites you.
Your shield prevents you from hitting the ogre.
The ogre is almost dead.
You block the giant cockroach's attack.
The ogre hits you with a +0 giant club!!
Ouch! That really hurt!
* * * LOW HITPOINT WARNING * * *
It was a potion of resistance.
You feel protected. You block the giant cockroach's attack.
The ogre hits you with a +0 giant club.
* * * LOW HITPOINT WARNING * * *
The giant cockroach bites you.
* * * LOW HITPOINT WARNING * * *
It was a potion of mutation.
You feel extremely strange.
Your teeth lengthen and sharpen.
You feel your magical essence link to your wands.
The giant cockroach bites you but does no damage.
The ogre hits you with a +0 giant club!!
Ouch! That really hurt!
You die...

#########
......O.#
#@# #s#
... ##.##
#.# #.#
#.# #.#


You could see an ogre and a giant cockroach.

Vanquished Creatures
  2 adders (D:2)
  4 dart slugs
  A leopard gecko (D:1)
  An orc (D:2)
  8 bats
  A giant cockroach (D:2)
  6 hobgoblins
  A quokka (D:2)
  4 frilled lizards
  7 goblins
  9 kobolds
  5 rats
49 creatures vanquished.

Notes
Turn   | Place    | Note
-------+----------+-------------------------------------------
     0 | D:1      | Marnok the Human Fighter began the quest for the Orb.
     0 | D:1      | Reached XP level 1. HP: 18/18 MP: 1/1
    18 | D:1      | Reached XP level 2. HP: 9/24 MP: 2/2
   375 | D:1      | Reached XP level 3. HP: 29/29 MP: 3/3
  1029 | D:2      | Reached skill level 1 in Short Blades
  1029 | D:2      | Reached XP level 4. HP: 31/35 MP: 4/4
  1508 | D:3      | Noticed an ogre
  1520 | D:3      | Gained mutation: You have very sharp teeth. [potion of
                  | mutation]
  1520 | D:3      | Gained mutation: You expend magic power (3 MP) to
                  | strengthen your wands. [potion of mutation]
  1520 | D:3      | Mangled by an ogre

Skill      XL: |  1  2  3 |
---------------+----------+-----
Short Blades   | 1 |  1.6
Fighting       | |  3.4
Long Blades    | |  2.4
Armour         | |  3.3
Dodging        | |  0.7
Stealth        | |  0.3
Shields        | |  3.5

Action                   |  1- 3 |  4- 6 || total
-------------------------+-------+-------++-------
Melee: Long sword        |     9 |       ||     9
       Short sword       |    72 |    60 ||   132
  Use: Potion            |       |     2 ||     2
  Eat: Chunk             |       |     2 ||     2
Armor: Scale mail        |    33 |    37 ||    70
Dodge: Dodged            |    21 |    36 ||    57
Block: Shield            |    49 |    38 ||    87
       Rpst.: Long sword |     1 |       ||     1
